 Dungeon Sprint DCSS version 0.28.0-53-g5a82cb258f (webtiles) character file.

Game seed: 8601269374963667345

9053 Zeld the Warrior (level 11, -8/126 HPs)
             Began as a Minotaur Berserker on June 5, 2022.
             Was the Champion of Trog.
             Hit by a javelin thrown by Urug (23 damage)
             ... in the Dungeon (Sprint VII: "The Pits").
             The game lasted 00:04:19 (3373 turns).

Zeld the Warrior (Minotaur Berserker)               Turns: 3373, Time: 00:04:20

Health: -8/126     AC: 14    Str: 25    XL:     11   Next: 18%
Magic:  10/10      EV: 11    Int:  4    God:    Trog [******]
Gold:   0          SH:  0    Dex: 11    Spells: 10/10 levels left

rFire   . . .      SeeInvis .   a - +2 battleaxe (vorpal)
rCold   . . .      Faith    .   (shield currently unavailable)
rNeg    . . .      Spirit   .   b - +2 plate armour
rPois   .          Reflect  .   (helmet restricted)
rElec   .          Harm     .   (no cloak)
rCorr   .          Rampage  .   o - +0 pair of gloves
Will    .....      NoTele   +   (no boots)
Stlth   ..........              (no amulet)
HPRegen 0.31/turn               (no ring)
MPRegen 0.12/turn               (no ring)

@: on berserk cooldown, slowed, very slow
A: horns 2, retaliatory headbutt
a: Renounce Religion, Berserk, Trog's Hand, Brothers in Arms


You were in the Dungeon.
You worshipped Trog.
Trog was exalted by your worship.
You visited 1 branch

Inventory:

Hand Weapons
 a - a +2 vorpal battleaxe (weapon)
 k - a +0 antimagic executioner's axe
Armour
 b - a +2 plate armour (worn)
 o - a +0 pair of gloves (worn)
Jewellery
 m - a +3 ring of intelligence
 p - a +3 ring of protection
Wands
 l - a wand of polymorph (5)
Potions
 c - 8 potions of curing
 d - 4 potions of heal wounds
 e - a potion of haste
 f - 4 potions of magic
 g - 3 potions of berserk rage
 i - 2 potions of invisibility
 n - a potion of might


   Skills:
 * Level 20.5 Fighting
 * Level 20.5 Axes
 - Level 2.4 Armour
 + Level 13.8 Dodging


You had 10 spell levels left.
You didn't know any spells.
Your spell library was empty.

Dungeon Overview and Level Annotations

Branches:
Dungeon (1/1)

Altars:
Ashenzari
Cheibriados
Dithmenos
Elyvilon
Fedhas
Gozag
Hepliaklqana
Kikubaaqudgha
Makhleb
Nemelex Xobeh
Okawaru
Qazlal
Ru
Sif Muna
Trog
Uskayaw
Vehumet
Wu Jian
Xom
Yredelemnul
Zin
The Shining One
Beogh
Jiyva
Lugonu

Annotations:
D Urug


Innate Abilities, Weirdness & Mutations

You have a pair of horns on your head.
You reflexively headbutt those who attack you in melee.


Message History

Blink to where?
Press: ? - help, Dir - move target
As you read the scroll of blinking, it crumbles to dust.
As you read the scroll of summoning, it crumbles to dust.
Wisps of shadow whirl around you...
The shadows disperse without effect.
Unknown command.
You aren't carrying any scrolls.
Unknown command.
Okay, then.
You aren't carrying any scrolls.
Unknown command.
Your troll goes berserk!
The yak barely misses your troll.
Your troll barely misses the yak.
Your troll completely misses the yak.
Your troll claws the yak but does no damage.
Your troll bites the yak!!
Your troll claws the yak! x2
The yak dies!
Trog accepts your kill. The yak misses your troll.
Your troll bites the yak.
Your troll claws the yak.
Your troll claws the yak but does no damage.
Your troll bites the yak.
Your troll barely misses the yak.
Your troll claws the yak.
Your troll bites the yak!!
Your troll claws the yak!
The yak dies!
Trog accepts your kill. The yak gores your troll!
Your troll barely misses the yak.
Your troll claws the yak but does no damage.
Your troll barely misses the yak.
The yak closely misses your troll.
Your troll bites the yak!!
Your troll claws the yak!
The yak dies!
Trog accepts your kill.
Urug zaps a wand.
You easily resist.
Unknown command.
Your troll bites the wraith but does no damage.
Your troll barely misses the wraith.
Your troll claws the wraith!
Urug zaps a wand.
You easily resist.
Your troll bites the wraith!!
The wraith is destroyed!
Trog accepts your kill.
Urug throws a javelin.
The javelin pierces through you!!
You die...

#####'#####''######
##.......##''############ #######
##.......##......'..'[..###......
##.......##......'..'.....##.....
##...<...##.....##..##.....##....
##.......##...###....###....#....
##.......##..##........###.###..#
##.......##''#...#..#...#....#o.#
###########.....@.....T†'...))Y.'
###########''#...#..#..o#....#W÷#
....#!![[##))##........###.###..#
....#...[##)..###....###....#....
)...'..))##.....##..##.....##....
....#..))###.....'..'.....##.....
....#..))# ###...'..'...###......
########## ############ #######


You could see Urug and a friendly troll (summoned, berserk).

Vanquished Creatures
  A hydra (D)
  A two-headed ogre (D)
  2 molten gargoyles (D)
  A komodo dragon (D)
  2 demonic crawlers (D)
  A rime drake (D)
  2 freezing wraiths (D)
  A troll (D)
  A hellwing (D)
  A hornet (D)
  A snapping turtle (D)
  2 flying skulls (D)
  A wyvern (D)
  2 yaks (D)
  2 fire bats (D)
  A water elemental (D)
  A chaos spawn (D)
  2 wargs (D)
  3 hell hounds (D)
  2 ice beasts (D)
  3 orc warriors (D)
  A wolf (D)
  A centaur (D)
  3 scorpions (D)
  4 wights (D)
  A crimson imp (D)
  A quasit (D)
  3 orc priests (D)
  A hound (D)
  A gnoll shaman (D)
  An iron imp (D)
  Ijyb (D)
  An orc wizard (D)
  2 mummies (D)
  A gnoll (D)
  3 river rats (D)
  A white imp (D)
  6 orcs (D)
  A giant cockroach (D)
  A kobold (D)
  A quokka (D)
  A bat (D)
  2 frilled lizards (D)
  A jackal zombie (D)
  2 rats (D)
74 creatures vanquished.

Vanquished Creatures (collateral kills)
  Erolcha (D)
  An orc knight (D)
  A red devil (D)
  3 yaks (D)
  A wraith (D)
  2 gnolls (D)
9 creatures vanquished.

Grand Total: 83 creatures vanquished

Notes
Turn   | Place    | Note
-------+----------+-------------------------------------------
     0 | D        | Zeld the Minotaur Berserker began the quest for the Orb.
     0 | D        | Reached XP level 1. HP: 19/19 MP: 0/0
    17 | D        | Found a bloodstained altar of Trog.
    17 | D        | Found a shimmering blue altar of Sif Muna.
    17 | D        | Found a viscous altar of Jiyva.
    17 | D        | Found a hazy altar of Hepliaklqana.
    17 | D        | Found an opulent altar of Gozag.
    18 | D        | Found a glowing golden altar of the Shining One.
    18 | D        | Found a glowing silver altar of Zin.
    18 | D        | Found a basalt altar of Yredelemnul.
    18 | D        | Found a shimmering altar of Xom.
    18 | D        | Found an ornate altar of the Wu Jian Council.
    18 | D        | Found a sacrificial altar of Ru.
    18 | D        | Found a stormy altar of Qazlal.
    18 | D        | Found an iron altar of Okawaru.
    18 | D        | Found a sparkling altar of Nemelex Xobeh.
    18 | D        | Found a burning altar of Makhleb.
    18 | D        | Found a blossoming altar of Fedhas.
    18 | D        | Found a white marble altar of Elyvilon.
    18 | D        | Found a shadowy altar of Dithmenos.
    18 | D        | Found a snail-covered altar of Cheibriados.
    20 | D        | Found a corrupted altar of Lugonu.
    20 | D        | Found a radiant altar of Vehumet.
    21 | D        | Found an ancient bone altar of Kikubaaqudgha.
    21 | D        | Found a hide-covered altar of Uskayaw.
    21 | D        | Found a broken altar of Ashenzari.
    59 | D        | Reached ** piety under Trog
    60 | D        | Reached XP level 2. HP: 14/28 MP: 1/1
   310 | D        | Reached skill level 5 in Fighting
   310 | D        | Reached skill level 5 in Axes
   439 | D        | Noticed a scorpion
   442 | D        | Reached *** piety under Trog
   443 | D        | Killed a scorpion
   444 | D        | Reached XP level 3. HP: 30/39 MP: 2/2
   444 | D        | Reached XP level 4. HP: 36/47 MP: 3/3
   447 | D        | Reached skill level 5 in Dodging
   448 | D        | Reached **** piety under Trog
   450 | D        | Reached XP level 5. HP: 42/56 MP: 4/4
   671 | D        | Noticed an orc warrior
   692 | D        | Killed an orc warrior
   694 | D        | Reached skill level 10 in Fighting
   694 | D        | Reached skill level 10 in Axes
   700 | D        | Reached ***** piety under Trog
   701 | D        | Reached XP level 6. HP: 48/67 MP: 5/5
   709 | D        | Received a gift from Trog
  1155 | D        | Noticed a red devil
  1155 | D        | Noticed a freezing wraith
  1166 | D        | Killed a freezing wraith
  1167 | D        | Reached XP level 7. HP: 62/78 MP: 6/6
  1169 | D        | Received a gift from Trog
  1185 | D        | Killed a red devil
  1186 | D        | Reached XP level 8. HP: 48/88 MP: 7/7
  1307 | D        | Noticed Ijyb
  1354 | D        | Killed Ijyb
  1567 | D        | Noticed a demonic crawler
  1580 | D        | Killed a demonic crawler
  1837 | D        | Noticed a flying skull
  1842 | D        | Reached skill level 15 in Fighting
  1842 | D        | Reached skill level 15 in Axes
  1842 | D        | Reached skill level 10 in Dodging
  1846 | D        | Killed a flying skull
  2009 | D        | Noticed a hellwing
  2009 | D        | Noticed an orc knight
  2010 | D        | Noticed a snapping turtle
  2015 | D        | Killed an orc knight
  2016 | D        | Reached XP level 9. HP: 100/100 MP: 8/8
  2017 | D        | Killed a hellwing
  2025 | D        | Received a gift from Trog
  2662 | D        | Noticed a troll
  2672 | D        | Killed a troll
  2676 | D        | Noticed Erolcha
  2683 | D        | Reached XP level 10. HP: 54/112 MP: 9/9
  2712 | D        | Killed Erolcha
  2713 | D        | Received a gift from Trog
  2962 | D        | Noticed a four-headed hydra
  2962 | D        | Noticed a molten gargoyle
  2973 | D        | Killed a six-headed hydra
  2980 | D        | Killed a molten gargoyle
  2980 | D        | Reached ****** piety under Trog
  3323 | D        | Noticed Urug
  3323 | D        | Noticed a molten gargoyle
  3332 | D        | Received a gift from Trog
  3341 | D        | Killed a molten gargoyle
  3345 | D        | Received a gift from Trog
  3349 | D        | Reached XP level 11. HP: 86/124 MP: 10/10
  3349 | D        | Noticed a two-headed ogre
  3361 | D        | Killed a two-headed ogre
  3373 | D        | Hit by a javelin thrown by Urug

Illustrated notes

Levels and vault maps discovered:
D:        pitsprint [storerooms_1, entrance_room_1, metal_vault_4, armoury_2,
          mini_pit_1, grid_room_1, main_hall_1, silver_pit, the_coven_1,
          the_vestibule_1, steel_vault_4, golden_pit, hallway_of_sentries,
          crystal_vault_5, iron_vault_4, final_vault]

Skill      XL: |  1  2  3  4  5  6  7  8  9 10 |
---------------+-------------------------------+-----
Fighting       | 4 7 8 10 12 13 16 17 20 | 20.5
Axes           | 4 7 8 10 12 13 16 17 20 | 20.5
Dodging        | 3 4 5 6 8 9 10 11 13 | 13.8
Armour         | |  2.4

Action                   |  1- 3 |  4- 6 |  7- 9 | 10-12 || total
-------------------------+-------+-------+-------+-------++-------
Melee: Hand axe          |    13 |    56 |    32 |       ||   101
       Headbutt          |     1 |     8 |    14 |     5 ||    28
       Broad axe         |       |       |    32 |       ||    32
       Unarmed           |       |       |    16 |       ||    16
       Battleaxe         |       |       |    17 |    48 ||    65
       Punch             |       |       |     1 |       ||     1
Invok: Berserk           |     1 |     2 |     1 |     3 ||     7
       Brothers in Arms  |       |       |     4 |     2 ||     6
       Trog's Hand       |       |       |       |     2 ||     2
  Use: Potion            |       |       |     2 |     6 ||     8
       Scroll            |       |       |       |     2 ||     2
Armor: Animal skin       |     2 |       |       |       ||     2
       Plate armour      |       |    12 |    44 |    18 ||    74
       Skin              |       |       |       |    23 ||    23
Dodge: Dodged            |    13 |    21 |    43 |    30 ||   107
